Map: [TLMC14] Blackburn

Players

Zest - Winner!

  • Race: Protoss Protoss

Elazer

  • Race: Zerg Zerg

Event: DreamHack SC2 Masters Last Chance 2022

VOD

Have the link to the VOD?

Description

Time

  • Played on: Jan. 11, 2022, 12:23 p.m.
  • Length: 10:08

All games in this series

Show
View Real Time Build Order
Export as new Build Order

Zest Protoss - Winner!

Build Orders: 1 Gate Expand, Oracle Opening, Zealot Archon 

Get SALT Encoding   

  12  0:00  Probe  
  13  0:12  Probe  
  14  0:20  Pylon  
  14  0:24  Probe  
  15  0:38  Probe (Chrono Boost)  
  15  0:40  Gateway  
  16  0:47  Probe (Chrono Boost)  
  17  0:50  Assimilator  
  17  0:52  Probe (Chrono Boost)  
  19  1:04  Probe  
  19  1:16  Probe  
  20  1:26  Nexus  
  20  1:37  Cybernetics Core  
  20  1:40  Probe  
  21  1:47  Assimilator  
  21  1:52  Probe  
  22  1:55  Pylon  
  22  2:04  Probe (Chrono Boost)  
  23  2:13  Adept  
  23  2:15  Probe (Chrono Boost)  
  26  2:18  Stargate  
  26  2:20  Probe (Chrono Boost)  
  27  2:27  Warp Gate  
  27  2:33  Probe (Chrono Boost)  
  28  2:39  Probe (Chrono Boost)  
  28  2:43  Adept  
  32  2:48  Probe x2 (Chrono Boost)  
  33  2:52  Void Ray (Chrono Boost)  
  33  2:53  Probe (Chrono Boost)  
  33  2:55  Probe  
  35  3:05  Probe  
  40  3:08  Probe  
  41  3:12  Pylon  
  41  3:16  Gateway  
  41  3:18  Probe  
  42  3:25  Oracle (Chrono Boost)  
  42  3:30  Probe  
  42  3:31  Probe  
  47  3:42  Probe  
  47  3:43  Probe  
  49  3:49  Nexus  
  49  3:52  Pylon  
  49  3:55  Probe x2  
  51  3:59  Assimilator  
  51  4:01  Assimilator  
  51  4:07  Probe x2  
  53  4:11  Stargate  
  53  4:16  Void Ray  
  53  4:19  Probe x2  
  53  4:21  Pylon  
  59  4:31  Probe  
  59  4:32  Probe  
  59  4:35  Pylon  
  61  4:39  Pylon  
  61  4:43  Probe  
  61  4:44  Probe  
  61  4:45  Forge  
  63  4:48  Protoss Air Weapons Level 1  
  63  4:51  Void Ray (Chrono Boost)  
  63  4:53  Void Ray (Chrono Boost)  
  63  4:56  Probe x2  
  69  5:03  Probe  
  69  5:06  Shield Battery  
  74  5:09  Probe x2  
  76  5:15  Probe  
  77  5:21  Probe x2  
  77  5:25  Phoenix (Chrono Boost)  
  77  5:26  Phoenix (Chrono Boost)  
  77  5:27  Probe  
  77  5:28  Photon Cannon  
  84  5:33  Pylon  
  84  5:34  Probe  
  84  5:35  Probe  
  86  5:41  Phoenix (Chrono Boost), Pylon  
  86  5:45  Phoenix (Chrono Boost)  
  86  5:49  Probe x2  
  92  5:51  Probe  
  93  5:59  Protoss Ground Weapons Level 1 (Chrono Boost)  
  93  6:01  Probe x2  
  93  6:02  Phoenix x2 (Chrono Boost)  
  100  6:12  Assimilator x2  
  100  6:13  Probe  
  100  6:14  Twilight Council, Probe  
  100  6:17  Gateway  
  101  6:18  Gateway  
  101  6:27  Robotics Facility  
  101  6:29  Pylon  
  101  6:32  Gateway  
  101  6:33  Gateway  
  101  6:35  Gateway  
  101  6:38  Gateway  
  101  6:39  Gateway  
  101  6:47  Gateway  
  101  6:48  Gateway  
  101  6:50  Charge (Chrono Boost)  
  101  6:58  Templar Archives  
  101  7:03  Gateway  
  101  7:07  Gateway x2  
  101  7:09  Pylon  
  101  7:10  Pylon  
  101  7:13  Warp Prism (Chrono Boost)  
  103  7:23  Stalker  
  103  7:24  Stalker  
  107  7:38  High Templar x4  
  107  7:39  Sentry  
  107  7:43  Archon  
  107  7:44  Archon  
  117  7:46  Zealot x3  
  123  7:55  Zealot  
  125  8:11  Zealot x8  
  141  8:25  Zealot x4  
  132  8:29  Nexus  
  132  8:33  Stalker  
  116  8:34  Zealot x7  
  121  8:54  Stalker  
  121  8:55  Stalker x7  
  119  9:26  Nexus  
Show
View Real Time Build Order
Export as new Build Order

Elazer Zerg 

Build Orders: Hatch First 

Get SALT Encoding   

  12  0:00  Drone  
  13  0:12  Overlord  
  13  0:17  Drone  
  14  0:30  Drone x2  
  16  0:49  Hatchery  
  15  0:51  Drone  
  15  0:55  Drone  
  17  0:58  Drone  
  18  1:09  Extractor  
  17  1:15  Spawning Pool  
  17  1:17  Drone  
  17  1:22  Drone  
  18  1:28  Drone  
  19  1:38  Drone  
  20  1:49  Overlord  
  20  2:02  Queen x2  
  20  2:03  Drone, Zergling x2  
  26  2:12  Drone x2  
  26  2:14  Metabolic Boost  
  28  2:22  Drone  
  29  2:23  Drone  
  30  2:32  Drone  
  30  2:33  Drone  
  32  2:38  Queen  
  34  2:46  Drone, Overlord  
  35  2:55  Hatchery  
  35  2:57  Zergling x2  
  35  3:01  Drone  
  35  3:04  Queen  
  38  3:09  Drone x2  
  38  3:10  Drone  
  38  3:12  Drone  
  42  3:18  Zergling x2  
  42  3:19  Zergling x2  
  44  3:21  Overlord  
  44  3:24  Overlord  
  44  3:32  Overlord  
  44  3:42  Drone x2, Queen  
  44  3:45  Drone x4  
  52  3:52  Drone  
  52  3:53  Spore Crawler  
  52  3:55  Drone x3  
  55  4:02  Overlord  
  55  4:04  Drone  
  55  4:08  Zergling x4  
  56  4:17  Drone x4  
  56  4:23  Drone x2  
  62  4:26  Queen  
  62  4:27  Drone x3, Extractor x2  
  62  4:30  Drone x2, Roach Warren  
  66  4:33  Overlord  
  66  4:42  Drone x2  
  66  4:44  Drone  
  69  4:47  Drone x3  
  72  4:55  Drone x8  
  72  4:59  Drone  
  81  5:07  Overlord  
  81  5:11  Hatchery  
  81  5:12  Spore Crawler  
  81  5:14  Queen  
  79  5:20  Queen  
  79  5:21  Spore Crawler  
  81  5:22  Overlord  
  81  5:25  Lair  
  81  5:29  Drone x5  
  81  5:32  Drone x3  
  89  5:38  Extractor x2  
  89  5:39  Evolution Chamber  
  89  5:40  Drone x3  
  89  5:43  Overlord  
  89  5:44  Drone x4  
  89  5:49  Extractor  
  92  5:50  Drone x3  
  95  5:57  Queen  
  95  6:03  Queen  
  97  6:04  Overlord  
  97  6:05  Drone x7  
  97  6:10  Overlord  
  102  6:13  Zerg Missile Weapons Level 1  
  102  6:14  Drone x3  
  105  6:19  Spore Crawler  
  105  6:22  Queen  
  105  6:25  Queen  
  108  6:31  Spire  
  108  6:32  Extractor  
  106  6:33  Zergling x4, Queen  
  106  6:34  Zergling x2, Extractor  
  110  6:40  Drone  
  110  6:41  Spore Crawler  
  110  6:42  Queen  
  110  6:43  Drone x6  
  119  6:49  Spore Crawler  
  119  6:50  Overlord  
  119  6:51  Overlord  
  119  6:52  Drone  
  119  6:54  Extractor  
  119  6:57  Overlord  
  118  7:03  Overlord x2  
  118  7:04  Overlord x3  
  118  7:08  Queen x2  
  120  7:16  Overlord x5  
  116  7:23  Queen  
  118  7:43  Corruptor  
  118  7:44  Corruptor x11  
  142  7:55  Corruptor x4  
  150  7:59  Corruptor  
  150  8:00  Corruptor  
  150  8:05  Corruptor x3  
  154  8:09  Roach  
  154  8:11  Roach x3  
  165  8:21  Roach x6  
  165  8:22  Roach x2  
  165  8:26  Roach x3  
  167  8:28  Roach x2  
  148  8:35  Roach x5  
  148  8:40  Roach x4  
  151  8:48  Roach x4  
  139  8:59  Roach x7  
  125  9:06  Roach x2  
  105  9:11  Roach  
  87  9:17  Roach  
  65  9:25  Roach x2  

Tags
 
Add a new tag
Caveats
  • Supply blocks, unpowered buildings, or Contaminate may cause inaccurate times.
  • Supply counts are checked every 10 seconds.